 Dungeon Crawl Stone Soup version 0.19.5 (webtiles) character file.

128 tricornhat the Cudgeler (level 4, -2/35 HPs)
             Began as a Demonspawn Berserker on Apr 10, 2017.
             Was a Believer of Trog.
             Slain by snowfan's ghost (4 damage)
             ... on level 4 of the Dungeon.
             The game lasted 00:11:26 (2298 turns).

tricornhat the Cudgeler (Demonspawn Berserker)      Turns: 2298, Time: 00:11:30

Health: -2/35      AC:  8    Str: 18    XL:     4   Next: 87%
Magic:  4/4        EV: 10    Int:  8    God:    Trog [**....]
Gold:   129        SH:  0    Dex: 13    Spells: 0 memorised, 3 levels left

rFire  . . .     SeeInvis .     a - +1 mace
rCold  . . .     Gourm    .     h - +0 scale mail
rNeg   . . .     Faith    .     (no shield)
rPois  +         Spirit   .     (no helmet)
rElec  .         Reflect  .     (no cloak)
rCorr  .         Harm     .     f - +1 pair of gloves
MR     .....                    (no boots)
Stlth  ..........               (no amulet)
                                (no ring)
                                p - ring of poison resistance

@: confused
A: demonic guardian 1
a: Berserk, Trog's Hand, Burn Spellbooks, Renounce Religion


You were on level 4 of the Dungeon.
You worshipped Trog.
Trog was pleased with you.
You were not hungry.

You visited 1 branch of the dungeon, and saw 4 of its levels.

You collected 129 gold pieces.

Inventory:

Hand Weapons
 a - a +1 mace (weapon)
Armour
 b - a +0 animal skin
 f - a +1 pair of gloves (worn)
 h - a +0 scale mail (worn)
Jewellery
 g - an uncursed amulet of magic regeneration
 p - a ring of poison resistance (left hand)
 t - an uncursed ring of positive energy {unknown}
Scrolls
 e - 2 scrolls of fear
 k - 3 scrolls of teleportation
 r - a scroll of remove curse {unknown}
Potions
 d - a potion of brilliance {unknown}
 l - a potion of agility {unknown}
 m - a potion of mutation {unknown}
 o - 3 potions of curing {unknown}
 q - a potion of berserk rage {unknown}
 s - a potion of flight {unknown}
Comestibles
 c - a bread ration
 i - 3 fruits
 j - 3 beef jerkies
 n - 2 meat rations


   Skills:
 + Level 3.5 Fighting
 * Level 4.3 Maces & Flails
 + Level 2.4 Armour
 + Level 2.0 Dodging


You had 3 spell levels left.
You didn't know any spells.

Dungeon Overview and Level Annotations

Branches:
Dungeon (4/15)
 Temple: D:4-7

Altars:

Annotations:
D:4 snowfan's ghost, novice OpCj


Innate Abilities, Weirdness & Mutations

A weak demonic guardian rushes to your aid.


Message History

Snowfan's ghost is lightly damaged.
Snowfan's ghost hits you.
* * * LOW HITPOINT WARNING * * *
Your ufetubus hits snowfan's ghost but does no damage. x2
Your ufetubus hits snowfan's ghost.
Your ufetubus closely misses snowfan's ghost.
Snowfan's ghost hits you.
* * * LOW HITPOINT WARNING * * *
You're too confused!
You're too confused!
You bump into the rock wall.
Your ufetubus barely misses snowfan's ghost. x2
Snowfan's ghost hits you but does no damage.
You barely miss snowfan's ghost.
Snowfan's ghost is lightly damaged.
Your ufetubus hits snowfan's ghost.
Your ufetubus completely misses snowfan's ghost.
Your ufetubus closely misses snowfan's ghost.
Your ufetubus hits snowfan's ghost. Snowfan's ghost hits you.
You die...

##.....##.#
###..........
.(......... #
.........
##.# #..$..#
..... #...#
......##.##
.......<%.#
......##@5#
..... #W.#
.... ...# #..
###.# ## #.#
... #.# .#


You could see snowfan's ghost and a friendly ufetubus.

Vanquished Creatures
  Natasha (twice) (D:3)
  3 adders
  An ooze (D:2)
  A worm (D:2)
  A dart slug (D:3)
  2 leopard geckos (D:2)
  3 orcs (D:3)
  8 bats
  4 giant cockroaches
  5 hobgoblins
  A quokka (D:3)
  A frilled lizard (D:3)
  12 goblins
  4 kobolds (D:1)
  5 rats
53 creatures vanquished.

Notes
Turn   | Place    | Note
-------+----------+-------------------------------------------
     0 | D:1      | tricornhat the Demonspawn Berserker began the quest for the Orb.
     0 | D:1      | Reached XP level 1. HP: 18/18 MP: 1/1
   194 | D:1      | Gained mutation: A weak demonic guardian rushes to your aid. [demonic ancestry]
   194 | D:1      | Reached XP level 2. HP: 24/24 MP: 2/2
   585 | D:1      | Reached skill level 3 in Maces & Flails
  1049 | D:2      | Reached XP level 3. HP: 28/29 MP: 3/3
  1243 | D:2      | Reached ** piety under Trog
  2005 | D:3      | Noticed Natasha
  2010 | D:3      | Killed Natasha
  2010 | D:3      | Reached skill level 4 in Maces & Flails
  2010 | D:3      | Reached XP level 4. HP: 29/35 MP: 4/4
  2257 | D:3      | Noticed Natasha
  2262 | D:3      | Killed Natasha
  2287 | D:4      | Noticed snowfan's ghost (novice OpCj)
  2298 | D:4      | Slain by snowfan's ghost

Skill      XL: |  1  2  3 |
---------------+----------+-----
Maces & Flails | 3 4 |  4.3
Dodging        | 2 |  2.0
Armour         | 2 |  2.4
Fighting       | |  3.5

Action                   |  1- 3 |  4- 6 || total
-------------------------+-------+-------++-------
Melee: Mace              |   126 |    44 ||   170
  Use: Scroll            |     6 |     1 ||     7
 Stab: Distracted        |       |     1 ||     1
  Eat: Chunk             |     4 |     1 ||     5
Armor: Animal skin       |     8 |       ||     8
       Scale mail        |    51 |    18 ||    69
Dodge: Dodged            |    88 |    26 ||   114
